 Dungeon Crawl Stone Soup version 0.31-a0-988-g08d55dae12 (webtiles) character file.

Game seed: 7241470931557351484

179382 BinkBink the Master Archer (level 17, -5/83 HPs)
             Began as a Deep Elf Hunter on Nov 4, 2023.
             Was the Champion of Hepliaklqana.
             Slain by a catoblepas (12 damage)
             ... led by Polyphemus
             ... while petrified by a catoblepas
             ... on level 4 of the Shoals.
             The game lasted 01:01:01 (28622 turns).

BinkBink the Master Archer (Deep Elf Hunter)       Turns: 28622, Time: 01:01:01

Health: -5/83      AC: 11    Str: 18    XL:     17   Next: 60%
Magic:  31/31      EV:  2    Int: 17    God:    Hepliaklqana [******]
Gold:   1842       SH:  0    Dex: 24    Spells: 30/33 levels left

rFire   . . .        n - +7 triple crossbow (drain)
rCold   + + .        (shield currently unavailable)
rNeg    + + +        l - +1 robe of Infinity {Str+6}
rPois   ∞            p - +0 helmet of Lugonu's Benevolence {Rampage rC++ Regen+}
rElec   .            h - +2 cloak {rCorr}
rCorr   +            g - +0 pair of gloves
SInv    +            z - +2 pair of boots "Zuust" {Str+4}
Will    +....        o - amulet of reflection
Stlth   ++++++++     b - ring of see invisible
HPRegen 1.13/turn    r - ring of flight
MPRegen 0.22/turn

%: reflection, rampage
@: petrified, flying
A: reduced essence
a: Renounce Religion, Recall Ancestor, Ancestor Identity, Transference, Idealise


You were on level 4 of the Shoals.
You worshipped Hepliaklqana.
Hepliaklqana was exalted by your worship.
You visited 5 branches of the dungeon, and saw 28 of its levels.
You also visited: Ice Cave.

You collected 2808 gold pieces.
You spent 966 gold pieces at shops.

Inventory:

Hand Weapons
 m - the +6 great sword of Guxketuth {elec, *Corrode rElec SInv}
   (You found it on level 6 of the Dungeon)

   rElec:     It insulates you from electricity.
   SInv:      It lets you see invisible.
   *Corrode:  It may corrode you when you take damage.
 n - a +7 triple crossbow of draining (weapon)
 W - the +11 shortbow "Togariut" {elec, Will++}
   (You acquired it on level 11 of the Dungeon)

   Will++:    It greatly increases your willpower.
Missiles
 C - 7 throwing nets
Armour
 g - a +0 pair of gloves (worn)
 h - a +2 cloak of preservation (worn)
 l - the +1 robe of Infinity (worn) {Str+6}
   (You found it on level 2 of the Dungeon)

   Str+6:     It affects your strength (+6).
 p - the +0 helmet of Lugonu's Benevolence (worn) {Rampage rC++ Regen+}
   (You found it on level 3 of the Dungeon)

   rC++:      It greatly protects you from cold.
   Regen+:    It increases your rate of health regeneration.
   Rampage:   It bestows one free step when moving towards enemies.
 z - the +2 pair of boots "Zuust" (worn) {Str+4}
   (You found it on level 7 of the Dungeon)

   Str+4:     It affects your strength (+4).
Jewellery
 a - an amulet of magic regeneration
 b - a ring of see invisible (left hand)
 o - an amulet of reflection (around neck)
 r - a ring of flight (right hand)
 s - a ring of protection from fire
 A - a +5 ring of evasion
 K - the ring "Qoacsy" {rC+ rN+ MP+9}
   (You found it in an ice cave)

   [ring of positive energy]

   rC+:       It protects you from cold.
   rN+:       It protects you from negative energy.
   MP+9:      It affects your magic capacity (+9).
 N - a +5 ring of evasion
Talismans
 t - a beast talisman
Wands
 k - a wand of polymorph (3)
 v - a wand of flame (62)
 x - a wand of paralysis (29)
 B - a wand of iceblast (20)
 H - a wand of digging (8)
 M - a wand of acid (5)
Scrolls
 j - 2 scrolls of amnesia
 q - 5 scrolls of teleportation
 I - 3 scrolls of fog
 J - 3 scrolls of poison
 S - a scroll of enchant armour
 V - 6 scrolls of identify
 X - a scroll of immolation
 Y - 2 scrolls of fear
 Z - 2 scrolls of revelation
Potions
 c - 2 potions of attraction
 d - 4 potions of heal wounds
 e - 6 potions of curing
 f - 9 potions of might
 i - 2 potions of ambrosia
 u - 2 potions of invisibility
 w - 6 potions of enlightenment
 D - 5 potions of brilliance
 E - 3 potions of cancellation
 G - 4 potions of mutation
 O - 2 potions of berserk rage
 P - 2 potions of resistance
 Q - 5 potions of lignification
 R - a potion of magic
 U - a potion of haste


   Skills:
 + Level 5.8 Fighting
 O Level 27 Ranged Weapons
 + Level 16.4 Dodging
 + Level 21.7 Stealth
 + Level 8.7 Spellcasting
 + Level 6.5 Air Magic


You had 30 spell levels left.
You knew the following spells:

 Your Spells              Type           Power      Damage    Failure   Level
a - Swiftness             Air            29%        N/A       1%          3

Your spell library contained the following spells:

 Spells                   Type           Power      Damage    Failure   Level
 Cigotuvi's Dreadful Rot  Necr/Pois/Air  28%        N/A       6%          2
 Freeze                   Ice            28%        1d5       10%         1
 Magic Dart               Conj           28%        1d4       10%         1
 Necrotise                Necr           28%        1d5       10%         1
 Mephitic Cloud           Conj/Pois/Air  14%        N/A       12%         3
 Call Imp                 Summ           14%        N/A       14%         2
 Ensorcelled Hibernation  Hex/Ice        14%        N/A       14%         2
 Lesser Beckoning         Tloc           14%        N/A       14%         2
 Passwall                 Tmut/Erth      5%         N/A       14%         2
 Frozen Ramparts          Ice            14%        1d3       28%         3
 Gell's Gravitas          Tloc           7%         N/A       28%         3
 Hailstorm                Conj/Ice       7%         3d4       28%         3
 Ignite Poison            Fire/Tmut/Pois 7%         N/A       28%         3
 Inner Flame              Hex/Fire       7%         N/A       28%         3
 Teleport Other           Tloc           7%         N/A       28%         3
 Vampiric Draining        Necr           7%         2d6       28%         3
 Volatile Blastmotes      Fire/Tloc      14%        2d11      28%         3
 Animate Armour           Summ/Erth      14%        N/A       67%         4
 Dispel Undead            Necr           7%         3d8       67%         4
 Flame Wave               Conj/Fire      7%         2d5       67%         4
 Fulminant Prism          Conj/Hex       3%         3d5       67%         4
 Iskenderun's Mystic Bla  Conj/Tloc      7%         2d4       67%         4
 Petrify                  Tmut/Erth      7%         N/A       67%         4
 Sticky Flame             Conj/Fire      7%         2d3       67%         4
 Agony                    Necr           7%         N/A       95%         5
 Iskenderun's Battlesphe  Conj           7%         2d6       95%         5
 Metabolic Englaciation   Hex/Ice        3%         N/A       95%         5
 Death Channel            Necr           3%         N/A       100%        6
 Dispersal                Tloc           3%         N/A       100%        6
 Orb of Destruction       Conj           3%         9d5       100%        7
 Ignition                 Fire           3%         3d4       100%        8


Dungeon Overview and Level Annotations

Branches:
Dungeon (15/15)            Temple (0/1) D:5            Lair (5/5) D:10
 Shoals (4/4) Lair:3        Snake (2/4) Lair:3        Slime (0/5) Lair:5
    Orc (2/2) D:11            Elf (0/3) Orc:2        Vaults (0/5) D:14
 Depths (0/4) D:15          IceCv (visited)

Altars:
Cheibriados
Elyvilon
Gozag
Hepliaklqana
Kikubaaqudgha
Okawaru
Qazlal
Trog
Vehumet
Wu Jian
Yredelemnul
The Shining One
Jiyva
Lugonu

Shops:
D:3 [   D:6 [   D:14 (   Orc:2 (?:*   Shoals:3 :   Snake:2 *

Portals:
Abyss: Lair:5

Annotations:
D:15 3 runed translucent doors, Seisig's ghost, journeyman TrCK
Lair:5 2 transporters, skelma's ghost, journeyman DsGl
Shoals:1 3 runed translucent doors, Ytibbon's ghost, adept FoFi
Snake:2 2 transporters, tish's ghost, adept GnEE


Message History

You have turned to stone.
Chungus hits Polyphemus with a +0 broad axe of flaming!!
Chungus burns Polyphemus.
Chungus hits the alligator snapping turtle with a +0 broad axe of flaming.
Chungus burns the alligator snapping turtle.
The catoblepas gores you! Polyphemus throws the death yak at you!
The death yak gores you!!
Chungus hits Polyphemus with a +0 broad axe of flaming!
Chungus burns Polyphemus.
Polyphemus dies!
Chungus hits the water elemental with a +0 broad axe of flaming!
Chungus burns the water elemental!
Chungus hits the alligator snapping turtle with a +0 broad axe of flaming.
Chungus burns the alligator snapping turtle.
The catoblepas breathes a plume of calcifying dust at you.
The blast of calcifying dust hits you but does no damage.
You are engulfed in calcifying dust.
The catoblepas gores you!! The death yak gores you!
You are engulfed in calcifying dust.
The catoblepas gores you. The death yak gores you!
You are engulfed in calcifying dust.
The catoblepas gores you!! The death yak gores you!
You are engulfed in calcifying dust.
The catoblepas gores you! The death yak gores you!!
* * * LOW HITPOINT WARNING * * *
You are engulfed in calcifying dust.
The water elemental is engulfed in calcifying dust.
The catoblepas gores you!
* * * LOW HITPOINT WARNING * * *
The death yak gores you!!
* * * LOW HITPOINT WARNING * * *
You are engulfed in calcifying dust.
The water elemental is engulfed in calcifying dust.
Chungus hits the catoblepas with a +0 broad axe of flaming.
Chungus burns the catoblepas.
Chungus hits the death yak with a +0 broad axe of flaming.
Chungus burns the death yak.
The water elemental is engulfed in calcifying dust.
The catoblepas gores you!!
You die...

≈≈≈~~~~~~~
≈≈≈~~....
≈≈≈~.....
≈≈≈~..... P
≈~~~....#####..
≈~~~~........PP
≈~~~~.Y........
~~~~~.R@.......
~~~~~.Y.§......
~..............
.....~....E....
...........t...
.............†.
.....###~##....
..... ## #..~


You could see the friendly Chungus the knight, a death yak, a catoblepas (ally
target) and a water elemental (petrified).

Vanquished Creatures
  An orc warlord (Orc:2)
  A white draconian (IceCv)
  An ettin (D:15)
  10 merfolk impalers
  3 merfolk javelineers
  Fannar (D:11)
  An entropy weaver (shapeshifter) (Lair:5)
  3 ogre magi (Orc:2)
  4 hydras
  A boulder beetle (D:11)
  2 merfolk avatars
  2 anacondas
  A catoblepas (D:14)
  7 centaur warriors
  4 tengu warriors
  13 death yaks
  10 two-headed ogres
  2 naga sharpshooters
  A satyr (Shoals:3)
  An orc high priest (Orc:1)
  Urug (Orc:1)
  2 thrashing horrors (Lair:5)
  A shock serpent (Snake:1)
  A fire crab (shapeshifter) (D:13)
  4 skysharks
  15 sea snakes
  2 skeletal warriors
  A glowing orange brain (D:13)
  A deep troll (D:15)
  The ghost of pzskc383 the Cleaver, a novice GrFi of Okawaru (D:8)
  A deep elf archer (D:14)
  Pikel (D:6)
  2 necromancers (D:15)
  21 harpies
  6 mana vipers (Snake:2)
  10 ugly things
  6 deep elf pyromancers
  An oklob plant (Lair:4)
  An ugly thing (shapeshifter) (D:14)
  An orc sorcerer (Orc:2)
  10 fauns
  5 cyclopes
  5 manticores
  2 salamanders (Snake:1)
  2 water nymphs
  4 naga magi (Snake:1)
  2 ice statues (IceCv)
  12 elephants
  3 merfolk sirens
  16 black mambas
  Joseph (D:7)
  Maurice (D:11)
  2 smoke demons
  2 gargoyles
  A torpor snail (Lair:3)
  15 cane toads
  4 unseen horrors
  A centaur skeleton (D:14)
  3 yaktaurs (D:14)
  7 rime drakes
  A freezing wraith (D:13)
  2 tengu conjurers
  10 komodo dragons
  4 wind drakes
  6 meliai
  18 merfolk
  3 trolls
  4 polar bears
  A hellwing (D:11)
  Prince Ribbit (Lair:2)
  3 raiju (Lair:5)
  3 large abominations (Lair:5)
  41 blink frogs
  5 snapping turtles
  3 dream sheep (Shoals:1)
  9 slime creatures
  8 water elementals
  A basilisk (shapeshifter) (Lair:5)
  2 wraiths (D:15)
  51 yaks
  6 wyverns
  6 basilisks
  A human (shapeshifter) (D:13)
  A fire elemental (D:11)
  A steam dragon (D:6)
  4 chaos spawn (Lair:5)
  A death yak simulacrum (Lair:1)
  7 nagas
  6 wargs
  Menkaure (D:4)
  An acid dragon (D:8)
  Duvessa (D:6)
  11 water moccasins
  6 ice beasts
  27 orc warriors
  3 sky beasts
  3 black bears
  7 small abominations (Lair:5)
  14 wolves
  25 ogres
  10 centaurs
  A phantom (D:5)
  2 kobold brigands
  2 lemures (D:6)
  10 bullfrogs
  A gnoll sergeant (D:9)
  2 scorpions (D:4)
  A wyvern zombie (D:6)
  2 water moccasin zombies (D:6)
  10 wights
  4 lindwurm simulacra (IceCv)
  9 killer bees
  Dowan (D:6)
  13 electric eels
  7 howler monkeys
  A crimson imp (D:3)
  2 komodo dragon simulacra (IceCv)
  2 bullfrog zombies (D:6)
  4 hounds
  9 orc priests
  A gnoll bouda (D:7)
  2 jellies
  4 iguanas
  A sleepcap (D:5)
  Natasha (twice) (D:2)
  15 orc wizards
  5 hell rats (Lair:3)
  A killer bee zombie (D:6)
  A statue (D:4)
  A wolf simulacrum (Lair:1)
  A howler monkey zombie (D:6)
  7 acid dragon simulacra (IceCv)
  15 gnolls
  3 adders
  A shadow imp (D:6)
  2 white imps
  6 steam dragon simulacra (IceCv)
  4 worms
  2 dart slugs
  61 orcs
  4 bats
  6 endoplasms
  3 giant cockroaches
  5 goblins
  4 hobgoblins
  6 jackals
  18 kobolds
  5 quokkas
  5 ball pythons
  A goblin skeleton (D:3)
  2 hobgoblin zombies (D:3)
  2 kobold skeletons (D:3)
  An orc skeleton (D:3)
  2 orc zombies (D:3)
  6 rats
852 creatures vanquished.

Vanquished Creatures (collateral kills)
  Saint Roka (Snake:2)
  Polyphemus (Shoals:4)
  A nagaraja (Snake:2)
  Ilsuiw (Shoals:3)
  A merfolk impaler (Shoals:3)
  A hydra (Lair:5)
  Harold (D:11)
  An ogre mage (Orc:2)
  A death knight (D:15)
  A merfolk avatar (Shoals:2)
  2 two-headed ogres (Orc:2)
  A skyshark (Shoals:1)
  2 naga ritualists (Snake:2)
  A faun (Shoals:1)
  An orc knight (Orc:1)
  A cyclops (Shoals:1)
  2 ugly things (D:14)
  A merfolk siren (Shoals:3)
  An elephant (Lair:4)
  2 black mambas
  A torpor snail (Lair:5)
  A cane toad (Lair:5)
  3 centaur skeletons (D:14)
  2 rime drakes
  2 unseen horrors
  A tengu conjurer (D:13)
  A komodo dragon (Lair:5)
  3 merfolk
  The ghost of Nitrous the Magician, a novice DEFE of Vehumet (D:5)
  A red devil (D:11)
  A hellwing (D:11)
  A polar bear (shapeshifter) (D:14)
  A raiju (Lair:5)
  A dream sheep (Shoals:1)
  2 blink frogs
  A slime creature (D:13)
  4 water elementals (D:15)
  2 spriggans (D:8)
  A shadow (D:11)
  6 yaks
  2 basilisks
  A naga (Snake:2)
  A warg (D:11)
  A water moccasin (Lair:5)
  2 ice beasts (D:10)
  3 orc warriors
  3 ogres (Orc:2)
  3 wolves
  2 centaurs
  2 bullfrogs
  A gnoll sergeant (D:11)
  A small abomination (Lair:5)
  3 killer bees
  A howler monkey (D:13)
  2 komodo dragon simulacra (IceCv)
  5 orc priests
  Crazy Yiuf (D:7)
  3 orc wizards
  A gnoll (D:11)
  9 orcs
  2 kobolds (D:10)
109 creatures vanquished.

Vanquished Creatures (others)
  3 yaks (D:11)
  A yak zombie (Lair:5)
  12 knights
  2 ancestors
  A kobold (D:10)
19 creatures vanquished.

Grand Total: 980 creatures vanquished

Notes
Turn   | Place    | Note
-------+----------+-------------------------------------------
     0 | D:1      | BinkBink the Deep Elf Hunter began the quest for the Orb.
     0 | D:1      | Reached XP level 1. HP: 12/12 MP: 3/3
   129 | D:1      | Reached XP level 2. HP: 16/16 MP: 4/4
   210 | D:1      | Reached skill level 6 in Ranged Weapons
   869 | D:2      | Reached XP level 3. HP: 20/20 MP: 5/5
   956 | D:2      | Reached XP level 4. HP: 17/25 MP: 6/6
  1012 | D:2      | Identified the +1 robe of Infinity {Str+6}
  1024 | D:2      | Noticed Natasha
  1031 | D:2      | Killed Natasha
  1032 | D:2      | Reached skill level 7 in Ranged Weapons
  1303 | D:2      | Noticed Natasha
  1304 | D:2      | Killed Natasha
  1305 | D:2      | Reached XP level 5. HP: 29/29 MP: 7/7
  1500 | D:3      | Found a glowing golden altar of the Shining One.
  1560 | D:3      | Reached skill level 8 in Ranged Weapons
  1597 | D:3      | Identified the +0 helmet of Lugonu's Benevolence {Rampage
                  | rC++ Regen+}
  1611 | D:3      | Found Zasur's Antique Armour Boutique.
  1815 | D:3      | Found a stormy altar of Qazlal.
  2115 | D:4      | Reached XP level 6. HP: 30/34 MP: 8/8
  2117 | D:4      | Reached skill level 5 in Stealth
  2143 | D:4      | Reached skill level 9 in Ranged Weapons
  2177 | D:4      | Noticed Menkaure
  2178 | D:4      | Killed Menkaure
  2179 | D:4      | Reached XP level 7. HP: 38/38 MP: 9/9
  2186 | D:4      | Found a radiant altar of Vehumet.
  2214 | D:4      | Reached skill level 10 in Ranged Weapons
  2754 | D:5      | Entered Level 5 of the Dungeon
  3070 | D:5      | Reached skill level 11 in Ranged Weapons
  3090 | D:5      | Reached XP level 8. HP: 43/43 MP: 10/10
  3104 | D:5      | Found a bloodstained altar of Trog.
  3155 | D:5      | Found a transporter.
  3195 | D:5      | Found an opulent altar of Gozag.
  3204 | D:5      | Found a hazy altar of Hepliaklqana.
  3217 | D:5      | Became a worshipper of Hepliaklqana the Forgotten
  3309 | D:5      | Found a snail-covered altar of Cheibriados.
  3330 | D:5      | Noticed Nitrous's ghost (novice DEFE)
  3331 | D:5      | Found a transporter.
  3437 | D:5      | Found a staircase to the Ecumenical Temple.
  3525 | D:6      | Noticed Duvessa
  3525 | D:6      | Noticed Dowan
  3641 | D:6      | Killed Duvessa
  3647 | D:6      | Killed Dowan
  3648 | D:6      | Reached skill level 12 in Ranged Weapons
  3670 | D:6      | Identified the +6 great sword of Guxketuth {elec, *Corrode
                  | rElec SInv}
  3810 | D:6      | Reached skill level 13 in Ranged Weapons
  4115 | D:6      | Found a basalt altar of Yredelemnul.
  4119 | D:6      | Reached XP level 9. HP: 47/47 MP: 11/11
  4251 | D:6      | Found Tehieweu's Antique Armour Emporium.
  4357 | D:6      | Noticed Pikel
  4361 | D:6      | Killed Pikel
  4362 | D:6      | Reached skill level 14 in Ranged Weapons
  4532 | D:7      | Reached * piety under Hepliaklqana
  4545 | D:7      | Identified the +2 pair of boots "Zuust" {Str+4}
  4654 | D:7      | Reached skill level 10 in Stealth
  4741 | D:7      | Found a runed translucent door.
  4742 | D:7      | Noticed Crazy Yiuf
  4823 | D:7      | Noticed Joseph
  4827 | D:7      | Killed Joseph
  4828 | D:7      | Reached skill level 15 in Ranged Weapons
  5139 | D:8      | Found an ancient bone altar of Kikubaaqudgha.
  5482 | D:8      | Found a runed translucent door.
  5486 | D:8      | Identified the +9 trident of Eternal Vigilance {drain,
                  | rPois rC- rCorr Str+8}
  5488 | D:8      | Found an iron altar of Okawaru.
  5489 | D:8      | Noticed pzskc383's ghost (novice GrFi)
  5510 | D:8      | Reached XP level 10. HP: 46/46 MP: 12/12
  5539 | D:8      | Reached skill level 16 in Ranged Weapons
  5615 | D:8      | Reached ** piety under Hepliaklqana
  5616 | D:8      | Remembered your ancestor Chungus as a knight
  6164 | D:9      | Reached skill level 17 in Ranged Weapons
  6316 | D:9      | Found a white marble altar of Elyvilon.
  6564 | D:10     | Entered Level 10 of the Dungeon
  6727 | D:10     | Reached skill level 18 in Ranged Weapons
  6755 | D:10     | Found a staircase to the Lair.
  6779 | D:10     | Reached XP level 11. HP: 50/50 MP: 13/13
  6943 | D:10     | Found an ornate altar of the Wu Jian Council.
  7189 | D:11     | Noticed Harold
  7196 | D:11     | Killed Harold
  7229 | D:11     | Reached *** piety under Hepliaklqana
  7253 | D:11     | Noticed a boulder beetle
  7260 | D:11     | Killed a boulder beetle
  7261 | D:11     | Reached skill level 19 in Ranged Weapons
  7270 | D:11     | Noticed Maurice
  7445 | D:11     | Killed Maurice
  7645 | D:11     | Noticed Fannar
  7689 | D:11     | Killed Fannar
  7690 | D:11     | Reached skill level 20 in Ranged Weapons
  7750 | D:11     | Found a staircase to the Orcish Mines.
  7828 | D:11     | Noticed a purple ugly thing
  7832 | D:11     | Killed a purple ugly thing
  7833 | D:11     | Reached XP level 12. HP: 54/54 MP: 14/14
  7953 | D:12     | Reached skill level 5 in Dodging
  8124 | D:12     | Noticed a two-headed ogre
  8136 | D:12     | Killed a two-headed ogre
  8656 | D:12     | Reached **** piety under Hepliaklqana
  8852 | D:12     | Noticed a two-headed ogre
  8856 | D:12     | Killed a two-headed ogre
  8857 | D:12     | Reached skill level 15 in Stealth
  9160 | Gauntlet | Identified the of Jomeukhle
  9160 | Orc:1    | Entered Level 1 of the Orcish Mines
  9256 | Orc:2    | Entered Level 2 of the Orcish Mines
  9301 | Lair:1   | Entered Level 1 of the Lair of Beasts
  9306 | Lair:1   | Reached skill level 21 in Ranged Weapons
  9355 | Lair:1   | Found a frozen archway.
  9369 | IceCv    | Entered an ice cave
  9784 | IceCv    | Noticed a white draconian
  9797 | IceCv    | Killed a white draconian
  9860 | IceCv    | Identified the ring "Qoacsy" {rC+ rN+ MP+9}
 10353 | Lair:1   | Reached skill level 22 in Ranged Weapons
 10674 | Lair:1   | Reached XP level 13. HP: 58/58 MP: 15/15
 10974 | Lair:2   | Noticed Prince Ribbit
 11036 | Lair:2   | Identified the +5 mace "Inigoeg" {pain, rElec rPois rN+
                  | Dex+3}
 11040 | Lair:2   | Killed Prince Ribbit
 11445 | Lair:2   | Reached skill level 23 in Ranged Weapons
 11494 | Lair:2   | Reached ***** piety under Hepliaklqana
 11858 | Lair:3   | Found a staircase to the Snake Pit.
 12046 | Lair:3   | Reached skill level 10 in Dodging
 12233 | Lair:3   | Found a staircase to the Shoals.
 12482 | Lair:4   | Reached XP level 14. HP: 63/63 MP: 16/16
 12691 | Lair:4   | Reached skill level 24 in Ranged Weapons
 12809 | Lair:4   | Found a snail-covered altar of Cheibriados.
 13300 | Lair:5   | Entered Level 5 of the Lair of Beasts
 13675 | Lair:5   | Found a viscous altar of Jiyva.
 13676 | Lair:5   | Found a staircase to the Slime Pits.
 13720 | Lair:5   | Reached skill level 25 in Ranged Weapons
 13767 | Lair:5   | Found a transporter.
 13855 | Lair:5   | Found a transporter.
 13915 | Lair:5   | Noticed skelma's ghost (journeyman DsGl)
 14382 | Lair:5   | Reached XP level 15. HP: 66/66 MP: 17/17
 14402 | Lair:5   | Found a corrupted altar of Lugonu.
 14402 | Lair:5   | Found a one-way gate to the infinite horrors of the Abyss.
 14731 | D:5      | Killed Nitrous's ghost
 14808 | D:7      | Killed Crazy Yiuf
 14873 | D:8      | Killed pzskc383's ghost
 15382 | D:13     | Reached skill level 26 in Ranged Weapons
 15593 | D:14     | Learned a level 3 spell: Swiftness
 15658 | D:14     | Found Angiepun's Antique Weapon Emporium.
 16365 | D:14     | Found a gate to the Vaults.
 16716 | D:14     | Reached ****** piety under Hepliaklqana
 16913 | D:15     | Entered Level 15 of the Dungeon
 17348 | D:15     | Noticed Seisig's ghost (journeyman TrCK)
 17354 | D:15     | Found a runed translucent gate.
 17354 | D:15     | Found a runed translucent gate.
 17355 | D:15     | Found a runed translucent gate.
 17446 | D:15     | Found a staircase to the Depths.
 17690 | Snake:1  | Entered Level 1 of the Snake Pit
 17693 | Snake:1  | Reached skill level 27 in Ranged Weapons
 17947 | Snake:1  | Reached XP level 16. HP: 26/71 MP: 18/18
 19433 | Snake:2  | Found a transporter.
 19457 | Snake:2  | Reached skill level 1 in Spellcasting
 19607 | Snake:2  | Reached skill level 1 in Air Magic
 19640 | Snake:2  | Found a transporter.
 19651 | Snake:2  | Found Xuojaow's General Store.
 19764 | Snake:2  | Noticed tish's ghost (adept GnEE)
 19765 | Snake:2  | Found a bloodstained altar of Trog.
 19869 | Snake:2  | Noticed Saint Roka
 19884 | Snake:2  | Killed Saint Roka
 20347 | Orc:2    | Noticed Urug
 20397 | Orc:1    | Killed Urug
 20398 | Orc:1    | Reached skill level 15 in Dodging
 21324 | Orc:2    | Reached skill level 5 in Spellcasting
 21754 | Orc:2    | Found a staircase to the Elven Halls.
 21950 | Orc:2    | Found Qomezylis's Antique Weapon Shop.
 21950 | Orc:2    | Found Vufim's Magic Scroll Shoppe.
 21951 | Orc:2    | Found Yfic's Book Shoppe.
 21951 | Orc:2    | Found Coedosm's General Store.
 21961 | Orc:2    | Bought a scroll of acquirement for 624 gold pieces
 21961 | Orc:2    | Bought a scroll of enchant weapon for 90 gold pieces
 22656 | D:11     | Acquired the +11 shortbow "Togariut" {elec, Will++}
 22698 | Orc:2    | Bought a scroll of fear for 48 gold pieces
 22698 | Orc:2    | Bought a scroll of blinking for 90 gold pieces
 22698 | Orc:2    | Bought a scroll of brand weapon for 114 gold pieces
 22846 | Shoals:1 | Entered Level 1 of the Shoals
 23498 | Shoals:1 | Found a runed translucent gate.
 23499 | Shoals:1 | Found a runed translucent gate.
 23503 | Shoals:1 | Noticed Ytibbon's ghost (adept FoFi)
 23997 | Shoals:1 | Found a runed translucent gate.
 24003 | Shoals:1 | Identified the +9 plate armour of Inquiry {rCorr}
 24226 | Shoals:2 | Identified the "Neoxogo"
 24387 | Shoals:2 | Reached XP level 17. HP: 47/81 MP: 28/28
 24504 | Shoals:2 | Reached skill level 5 in Air Magic
 25142 | Shoals:3 | Identified the "Uzoskiec"
 26075 | Shoals:3 | Reached skill level 5 in Fighting
 28214 | Shoals:3 | Found Zishroirph's Book Shop.
 28329 | Shoals:3 | Noticed Ilsuiw
 28354 | Shoals:3 | Killed Ilsuiw
 28604 | Shoals:4 | Entered Level 4 of the Shoals
 28609 | Shoals:4 | Noticed Polyphemus
 28616 | Shoals:4 | Killed Polyphemus
 28622 | Shoals:4 | Slain by a catoblepas

Illustrated notes

Levels and vault maps discovered:
D:1:      tarquinn_simple_flora_water_c, layout_basic, minmay_stone_trees_small,
          hangedman_glass_teeth, chequers_serial_rivers_small_3
D:2:      layout_basic, minmay_strange_pillars, minmay_misc_feat_five,
          grunt_decor_fettered, nrook_mini_vaults, uniq_natasha
D:3:      layout_loops_cross, nicolae_tso_besieged_by_evil,
          mainiacjoe_overflow_paths, serial_shops,
          nicolae_shop_getting_attention
D:4:      layout_loops_ring, vehumet_statue, kennysheep_path_1,
          minmay_diced_spiral, uniq_menkaure
D:5:      layout_basic, lemuel_coloured_pillars_altar, slow_altar_2,
          kennysheep_little_box, old_standard_altar, minmay_temple_entry_fiery,
          gammafunk_ghost_arena, minmay_crystal_water, nicolae_zig_zag_zippers
D:6:      layout_basic, nicolae_yredelemnul_corpse_copse, serial_shops,
          nicolae_diamond_shop, uniq_pikel, uniq_duvessa
D:7:      layout_cave_pools, uniq_joseph, uniq_crazy_yiuf_cottage
D:8:      layout_basic, nicolae_kikubaaqudgha_miasma_corner, kennysheep_mini,
          ebering_ghost_funeral_grove
D:9:      layout_loops_ring, mainiacjoe_overflow_24_doors, kennysheep_potato
D:10:     layout_rooms, nicolae_wu_jian_wuxing_cycle, hellmonk_lair_entry_icy
D:11:     layout_basic, minmay_orc_entry_guard_dogs,
          nicolae_where_there's_smoke, uniq_harold, uniq_fannar, uniq_maurice
D:12:     layout_grid_maze
D:13:     layout_roguey
D:14:     layout_basic, hangedman_vaults_entry_quadrant_bands,
          minmay_misc_feat_chi, serial_shops, nicolae_shop_tiny_waterfront,
          minmay_misc_feat_ornament, minivault_19, columned_hall_lemuel,
          lemuel_old_faithful
D:15:     hangedman_depths_entry_civil_slaughter, layout_basic,
          gammafunk_ghost_split
Lair:1:   layout_long_grid, portal_ice_cave_entry_ice_simulacra,
          chequers_serial_rivers_room_b, serial_bayou_pond_a,
          infiniplex_staircase_pool, grunt_megastairs_1
Lair:2:   layout_chaotic_city, dreamdust_mushroom_princess, grunt_megastairs_4,
          serial_bayou_shore_b, uniq_prince_ribbit2
Lair:3:   layout_loops_ring, minmay_shoals_entry_beasts, dummy_snake_entry
Lair:4:   layout_big_grid, lemuel_oklob_altar, serial_bayou_shore_b,
          grunt_megastairs_2, serial_bayou_shore_b
Lair:5:   hellmonk_lair_end_abyssal_woods, layout_long_grid, slime_entry_1,
          gauntlet_entry_generic, gammafunk_ghost_berserking_beasts,
          grunt_megastairs_3, serial_bayou_shore_a
Shoals:1: layout_shoals, gammafunk_ghost_split
Shoals:2: layout_shoals, nicolae_shoals_elemental_ambush
Shoals:3: layout_shoals, serial_shops, nicolae_book_shop_shelving,
          nicolae_shoals_mertower, uniq_ilsuiw
Shoals:4: shoals_end_grunt_ice, layout_shoals, ebering_ghost_rock_garden,
          uniq_polyphemus, uniq_bai_suzhen
Snake:1:  layout_cave_pods, serial_bayou, serial_bayou_lake_a,
          serial_bayou_crossing, serial_bayou_pond_a, serial_bayou_pond_c,
          serial_bayou_shore_b
Snake:2:  layout_misc_corridors, serial_shops, shop,
          gammafunk_ghost_wrathful_warriors, uniq_saint_roka
Orc:1:    layout_caves, basic_altar
Orc:2:    st_orc_ogre_mass, layout_caves, uniq_urug

Skill      XL: |  1  2  3  4  5  6  7  8  9 10 11 12 13 14 15 16 17 |
---------------+----------------------------------------------------+-----
Stealth        | 2 3 4 5 7 9 10 12 14 15 17 18 19 21 | 21.7
Ranged Weapons | 6 7 8 9 11 13 15 18 20 22 23 25 27 | 27.0
Dodging        | 4 8 10 12 14 15 16 | 16.4
Spellcasting   | 6 8 |  8.7
Air Magic      | 4 6 |  6.5
Fighting       | 4 5 |  5.8

Action                     |  1- 3 |  4- 6 |  7- 9 | 10-12 | 13-15 | 16-18 || total
---------------------------+-------+-------+-------+-------+-------+-------++-------
   Fire: Shortbow          |   104 |    32 |       |       |       |       ||   136
         Triple crossbow   |       |    59 |   195 |   487 |   845 |   629 ||  2215
 Invoke: Ancestor Identity |       |       |     2 |       |       |       ||     2
         Ancestor Life: Kn |       |       |       |     1 |       |       ||     1
         Recall Ancestor   |       |       |       |     1 |       |     1 ||     2
    Use: Scroll            |       |     2 |     5 |    18 |    15 |    12 ||    52
         Potion            |       |       |     2 |     3 |     1 |     2 ||     8
 Armour: Skin              |    12 |       |       |       |       |       ||    12
         Robe              |       |    20 |    47 |   100 |    83 |    86 ||   336
  Dodge: Dodged            |    19 |    32 |    49 |   104 |   164 |   213 ||   581
  Block: Other             |       |     7 |    19 |    24 |    41 |    32 ||   123
         Reflection        |       |       |     2 |     6 |     5 |     8 ||    21

Table legend: (Time is in decaauts)
 A = Elapsed time spent in this place.
 B = Non-inter-level travel time spent in this place.
 C = Inter-level travel time spent in this place.
 D = Time resting spent in this place.
 E = Time spent auto-exploring this place.
 F = Levels seen in this place.
 G = Mean time per level.
                   A        B        C        D        E       F      G
               +--------+--------+--------+--------+--------+-----+--------+
         Total |  29297 |  27503 |   1794 |   7505 |  14970 |  29 | 1010.2 |
       Dungeon |  12575 |  11740 |    835 |   1717 |   7676 |  15 |  838.3 |
          Lair |   4990 |   4524 |    466 |    409 |   2876 |   5 |  998.0 |
        Shoals |   5778 |   5642 |    136 |   3084 |   1963 |   4 | 1444.5 |
     Snake Pit |   2527 |   2382 |    145 |    741 |   1367 |   2 | 1263.5 |
  Orcish Mines |   2739 |   2528 |    211 |   1348 |    804 |   2 | 1369.5 |
      Ice Cave |    686 |    686 |      0 |    206 |    283 |   1 |  686.0 |
               +--------+--------+--------+--------+--------+-----+--------+

Top non-repeatable levels by time:
Shoals:3: 2758 daAuts
   Orc:2: 1919 daAuts
 Snake:1: 1891 daAuts
Shoals:2: 1569 daAuts
Shoals:1: 1432 daAuts
    D:14: 1358 daAuts
  Lair:5: 1321 daAuts
    D:12: 1293 daAuts
  Lair:1: 1145 daAuts
     D:6: 1119 daAuts
  Lair:2: 941 daAuts
     D:9: 897 daAuts
    D:11: 881 daAuts
  Lair:4: 859 daAuts
   Orc:1: 819 daAuts
